Map: Ascension to Aiur LE

Players

BAILS

  • Race: Protoss Protoss
  • Spawn Location: 11:00

Harstem - Winner!

  • Race: Protoss Protoss
  • Spawn Location: 5:00

Event: WCS Montreal 2017

VOD

Have the link to the VOD?

Description

Time

  • Played on: Sept. 8, 2017, 12:09 p.m.
  • Length: 14:38

All games in this series

Show
View Real Time Build Order
Export as new Build Order

BAILS Protoss 

Build Orders:  

Get SALT Encoding   

  12  0:00  Probe (Chrono Boost)  
  13  0:11  Probe (Chrono Boost)  
  14  0:17  Pylon  
  14  0:22  Probe (Chrono Boost)  
  15  0:35  Probe (Chrono Boost)  
  16  0:36  Gateway  
  16  0:46  Probe (Chrono Boost)  
  16  0:47  Assimilator  
  17  0:54  Assimilator  
  17  0:56  Probe (Chrono Boost)  
  18  1:07  Probe (Chrono Boost)  
  18  1:08  Gateway  
  19  1:17  Probe (Chrono Boost)  
  20  1:23  Cybernetics Core  
  20  1:28  Probe (Chrono Boost)  
  21  1:34  Pylon  
  21  1:38  Probe (Chrono Boost)  
  22  1:49  Probe (Chrono Boost)  
  23  1:59  Stalker x2  
  27  2:04  Warp Gate (Chrono Boost)  
  27  2:10  Mothership Core (Chrono Boost)  
  29  2:18  Pylon  
  29  2:29  Stalker  
  31  2:36  Stalker  
  33  2:40  Probe (Chrono Boost)  
  34  3:05  Nexus  
  34  3:08  Sentry  
  38  3:12  Sentry  
  38  3:18  Pylon  
  38  3:29  Robotics Facility  
  38  3:31  Probe (Chrono Boost)  
  39  3:43  Probe (Chrono Boost)  
  40  3:50  Twilight Council  
  40  3:53  Probe (Chrono Boost)  
  41  4:03  Stalker  
  41  4:04  Probe (Chrono Boost)  
  44  4:14  Probe (Chrono Boost)  
  44  4:16  Probe (Chrono Boost), Observer (Chrono Boost)  
  47  4:26  Probe  
  47  4:27  Probe, Blink (Chrono Boost)  
  49  4:37  Probe  
  49  4:38  Probe  
  50  4:42  Stalker  
  53  4:47  Forge  
  53  4:48  Probe  
  53  4:50  Probe  
  55  4:57  Assimilator  
  55  4:58  Probe  
  55  4:59  Pylon  
  55  5:02  Probe  
  57  5:09  Probe  
  58  5:14  Probe  
  59  5:23  Protoss Ground Weapons Level 1 (Chrono Boost)  
  59  5:25  Nexus  
  59  5:26  Immortal (Chrono Boost)  
  63  5:30  Pylon  
  63  5:32  Probe  
  64  5:38  Probe  
  64  5:40  Pylon  
  65  5:43  Gateway  
  65  5:50  Gateway  
  65  5:53  Gateway  
  65  6:00  Gateway  
  65  6:03  Sentry x2  
  71  6:12  Assimilator  
  71  6:13  Probe  
  71  6:14  Probe  
  71  6:16  Observer  
  72  6:21  Photon Cannon  
  72  6:25  Probe  
  73  6:26  Probe  
  73  6:34  Observer  
  73  6:37  Probe  
  73  6:38  Probe  
  76  6:40  Probe  
  76  6:42  Stalker x2  
  81  6:49  Probe  
  81  6:50  Probe, Warp Prism  
  81  6:53  Stalker x2  
  87  6:56  Photon Cannon  
  87  7:01  Photon Cannon, Probe  
  90  7:10  Stalker x2  
  94  7:17  Probe  
  95  7:25  Protoss Ground Weapons Level 2 (Chrono Boost)  
  95  7:26  Stalker x2  
  95  7:27  Stalker  
  95  7:29  Pylon  
  99  7:45  Probe  
  99  7:46  Immortal  
  91  7:57  Stalker x5  
  105  7:59  Stalker  
  105  8:00  Probe  
  109  8:05  Probe  
  109  8:07  Probe  
  109  8:12  Probe  
  109  8:18  Probe  
  107  8:21  Pylon  
  107  8:22  Charge  
  107  8:23  Pylon  
  108  8:39  Immortal  
  108  8:40  Stalker x4  
  116  8:42  Stalker x2  
  116  8:46  Probe  
  125  8:55  Pylon  
  125  8:58  Assimilator  
  125  9:02  Probe, Assimilator  
  125  9:03  Probe  
  125  9:07  Stalker  
  125  9:14  Stalker  
  125  9:15  Stalker x4  
  133  9:24  Probe  
  132  9:39  Observer  
  132  9:48  Stalker  
  124  9:52  Stalker  
  124  9:53  Stalker x3  
  124  9:58  Observer  
  81  10:14  Immortal  
  81  10:18  Stalker  
  81  10:19  Stalker x5  
  97  10:27  Pylon  
  97  10:32  Protoss Ground Weapons Level 3 (Chrono Boost)  
  97  10:36  Pylon  
  97  10:42  Gateway  
  97  10:45  Gateway  
  97  10:47  Templar Archives  
  97  10:48  Immortal  
  97  10:49  Zealot x6  
  108  10:53  Nexus  
  112  11:09  Photon Cannon  
  112  11:12  Zealot x4  
  112  11:13  Dark Shrine  
  112  11:14  Zealot x2  
  124  11:24  Immortal  
  124  11:28  Pylon  
  128  11:33  High Templar x2  
  128  11:34  High Templar x2  
  128  11:35  Zealot x2  
  128  11:37  Archon  
  128  11:38  Archon  
  140  11:49  Photon Cannon  
  140  11:53  Stargate  
  139  11:55  Robotics Facility  
  139  11:58  Zealot x3  
  139  11:59  Zealot  
  139  12:00  Immortal  
  149  12:17  High Templar x2  
  149  12:20  Zealot  
  149  12:21  Photon Cannon  
  155  12:27  Assimilator  
  155  12:29  Archon  
  155  12:34  Assimilator  
  155  12:40  Fleet Beacon  
  155  12:41  Immortal  
  155  12:48  Protoss Shields Level 1 (Chrono Boost), Immortal  
  163  12:52  Dark Templar  
  165  12:59  Photon Cannon  
  165  13:05  Pylon  
  165  13:16  High Templar x2  
  167  13:22  Archon  
  167  13:23  Photon Cannon  
  165  13:27  Zealot x2  
  165  13:28  Zealot x4  
  175  13:38  Immortal  
  161  13:54  Pylon  
  159  13:55  Pylon  
  159  13:57  Pylon  
  159  13:59  Pylon  
  159  14:01  Pylon  
  153  14:07  Observer  
  126  14:12  Zealot x6  
  114  14:27  Zealot x2  
Show
View Real Time Build Order
Export as new Build Order

Harstem Protoss - Winner!

Build Orders: Chargelot Immortal 

Get SALT Encoding   

  12  0:01  Probe (Chrono Boost)  
  13  0:11  Probe (Chrono Boost)  
  14  0:18  Pylon  
  14  0:22  Probe (Chrono Boost)  
  15  0:36  Probe (Chrono Boost), Gateway  
  16  0:47  Probe (Chrono Boost)  
  16  0:48  Assimilator  
  17  0:52  Assimilator  
  17  0:57  Probe (Chrono Boost)  
  18  1:05  Gateway  
  18  1:08  Probe (Chrono Boost)  
  20  1:18  Probe (Chrono Boost)  
  20  1:23  Cybernetics Core  
  20  1:29  Probe (Chrono Boost)  
  20  1:30  Pylon  
  21  1:39  Probe (Chrono Boost)  
  22  1:50  Probe (Chrono Boost)  
  27  2:01  Adept x2 (Chrono Boost), Warp Gate (Chrono Boost)  
  27  2:03  Mothership Core  
  29  2:08  Pylon  
  29  2:27  Stalker (Chrono Boost)  
  29  2:29  Stalker (Chrono Boost)  
  33  2:54  Sentry, Nexus  
  35  2:59  Probe  
  36  3:07  Pylon  
  36  3:11  Probe  
  37  3:27  Probe (Chrono Boost)  
  38  3:29  Robotics Facility  
  38  3:35  Twilight Council  
  38  3:38  Probe (Chrono Boost)  
  40  3:48  Probe (Chrono Boost)  
  40  3:59  Probe (Chrono Boost)  
  41  4:07  Probe (Chrono Boost)  
  41  4:09  Probe (Chrono Boost), Blink (Chrono Boost)  
  43  4:15  Probe (Chrono Boost)  
  43  4:16  Pylon  
  44  4:17  Observer (Chrono Boost)  
  44  4:20  Probe  
  44  4:21  Stalker  
  48  4:26  Probe  
  49  4:32  Probe  
  49  4:36  Warp Prism (Chrono Boost)  
  53  4:40  Probe, Dark Shrine  
  53  4:45  Probe  
  54  4:59  Nexus  
  54  5:00  Probe x2  
  54  5:06  Pylon  
  56  5:08  Sentry  
  58  5:18  Immortal (Chrono Boost)  
  60  5:22  Probe (Chrono Boost)  
  60  5:24  Probe (Chrono Boost)  
  60  5:30  Stalker  
  60  5:32  Forge  
  60  5:34  Probe, Assimilator  
  63  5:37  Probe  
  63  5:38  Assimilator  
  64  5:46  Probe (Chrono Boost)  
  66  5:50  Probe (Chrono Boost)  
  66  5:52  Phoenix  
  66  5:54  Pylon  
  66  5:58  Probe (Chrono Boost), Pylon  
  66  6:01  Probe (Chrono Boost), Dark Templar  
  70  6:08  Probe (Chrono Boost), Dark Templar, Gateway  
  73  6:11  Probe (Chrono Boost)  
  73  6:12  Probe (Chrono Boost)  
  75  6:19  Probe (Chrono Boost)  
  75  6:23  Immortal (Chrono Boost)  
  80  6:32  Protoss Ground Weapons Level 1 (Chrono Boost), Gateway  
  78  6:33  Phoenix  
  78  6:35  Probe  
  78  6:36  Gateway  
  77  6:41  Probe, Charge (Chrono Boost)  
  78  6:49  Stalker  
  78  6:56  Probe, Gateway  
  78  6:58  Gateway  
  78  6:59  Pylon  
  79  7:02  Immortal (Chrono Boost)  
  79  7:03  Probe  
  79  7:04  Probe  
  79  7:05  Pylon  
  85  7:10  Photon Cannon  
  85  7:11  Sentry  
  85  7:12  Probe  
  89  7:16  Probe  
  89  7:25  Zealot x2, Pylon  
  91  7:37  Immortal (Chrono Boost)  
  91  7:38  Probe, Pylon  
  96  7:46  Stalker x4  
  92  7:52  Dark Templar  
  92  7:53  Probe  
  92  7:55  Assimilator  
  92  7:57  Assimilator  
  84  8:03  Stalker x2  
  86  8:11  Stalker x3  
  90  8:19  Stalker  
  92  8:24  Zealot  
  92  8:26  Zealot x2  
  99  8:27  Photon Cannon  
  99  8:30  Immortal  
  102  8:40  Zealot x2, Gateway  
  106  8:46  Zealot  
  106  8:52  Zealot x2  
  106  8:53  Sentry x2  
  114  8:55  Pylon  
  112  9:04  Zealot  
  112  9:05  Zealot  
  112  9:09  Immortal  
  120  9:12  Templar Archives  
  120  9:13  Pylon  
  120  9:16  Zealot  
  118  9:17  Dark Templar  
  118  9:23  Dark Templar  
  118  9:26  Dark Templar  
  118  9:30  Probe  
  121  9:31  Dark Templar  
  121  9:32  Zealot  
  121  9:37  Probe  
  120  9:50  Zealot x4  
  104  10:02  Immortal  
  104  10:03  Zealot x4  
  100  10:23  High Templar x2  
  100  10:24  High Templar x2, Nexus  
  100  10:26  Protoss Ground Weapons Level 2 (Chrono Boost)  
  100  10:27  Pylon  
  108  10:29  Archon x2  
  108  10:34  Photon Cannon  
  108  10:35  Probe  
  108  10:38  Archon  
  108  10:41  Immortal  
  113  10:44  Probe  
  113  10:47  Probe  
  113  10:49  Probe, Photon Cannon  
  116  10:51  Assimilator  
  116  10:55  Assimilator  
  116  10:56  Probe, Robotics Bay  
  117  10:57  Archon  
  118  11:04  Probe  
  118  11:05  Photon Cannon  
  118  11:08  Sentry  
  118  11:09  Zealot x2  
  118  11:10  Sentry  
  126  11:17  Probe  
  127  11:24  Probe  
  128  11:26  Robotics Facility  
  128  11:27  Observer  
  128  11:31  Dark Templar  
  128  11:32  Dark Templar  
  131  11:40  Zealot x3  
  137  11:49  Disruptor (Chrono Boost)  
  137  11:50  Pylon  
  137  11:51  Pylon  
  140  12:01  Stalker x3  
  140  12:02  Stalker  
  148  12:14  Disruptor (Chrono Boost)  
  151  12:18  Stargate  
  151  12:19  Pylon  
  147  12:28  Disruptor (Chrono Boost)  
  150  12:31  Zealot  
  150  12:32  Zealot x4  
  160  12:46  Disruptor (Chrono Boost)  
  161  13:00  High Templar x2, Disruptor (Chrono Boost), Zealot x4  
  161  13:03  Pylon  
  176  13:05  Oracle (Chrono Boost)  
  176  13:07  Archon  
  179  13:18  Disruptor  
  182  13:31  Zealot x3  
  186  13:34  Disruptor  
  181  13:54  Disruptor  
  180  13:55  Zealot x2  
  180  13:56  Zealot x6  
  164  14:17  Zealot x5  
  164  14:18  Zealot x3  
Tags
 
Add a new tag
Caveats
  • Supply blocks, unpowered buildings, or Contaminate may cause inaccurate times.
  • Supply counts are checked every 10 seconds.